 Dungeon Crawl Stone Soup version 0.31-a0-1308-ga3cce3a448 (webtiles) character file.

Game seed: 15906748306290296277

715 grandjackal the Trooper (level 7, -1/56 HPs)
             Began as a Demonspawn Gladiator on Dec 19, 2023.
             Slain by Edmund
             ... wielding a +1 dire flail of protection
              (7 damage)
             ... on level 5 of the Dungeon.
             The game lasted 00:03:30 (4051 turns).

grandjackal the Trooper (Demonspawn Gladiator)      Turns: 4051, Time: 00:03:31

Health: -1/56      AC:  8    Str: 17    XL:     7   Next: 41%
Magic:  7/7        EV: 11    Int:  8    God:
Gold:   202        SH:  0    Dex: 14    Spells: 6/6 levels left

rFire   + . .        s - +2 mace "Ilit Maw" {speed, Stlth+}
rCold   . . .        (no shield)
rNeg    . . .        n - +1 scale mail {rF+}
rPois   .            (helmet restricted)
rElec   .            u - +0 cloak
rCorr   +            (no gloves)
SInv    .            (no boots)
Will    .....        (no amulet)
Stlth   +            j - ring of resist corrosion
HPRegen 0.29/turn    (no ring)
MPRegen 0.10/turn

%: no passive effects
@: no status effects
A: hooves 1, horns 1, powered by death 2, spiny 1
a: no special abilities


You were on level 5 of the Dungeon.
You visited 1 branch of the dungeon, and saw 5 of its levels.

You collected 202 gold pieces.

Inventory:

Hand Weapons
 s - the +2 mace "Ilit Maw" (weapon) {speed, Stlth+}
   (You found it on level 2 of the Dungeon)

   Stlth+:    It makes you more stealthy.
Missiles
 d - 5 throwing nets (quivered)
 e - a javelin
Armour
 c - a +0 helmet
 n - a +1 scale mail of fire resistance (worn)
 u - a +0 cloak (worn)
Jewellery
 j - a ring of resist corrosion (left hand)
Wands
 a - a wand of digging (8)
 y - a wand of light (12)
Scrolls
 b - 2 scrolls of poison {unknown}
 f - a scroll of acquirement {unknown}
 h - a scroll of immolation {unknown}
 i - 2 scrolls of amnesia {unknown}
 l - 6 scrolls of teleportation {unknown}
 q - a scroll of fog {unknown}
 r - 2 scrolls of identify {unknown}
 v - 2 scrolls of revelation {unknown}
 w - a scroll of noise {unknown}
 x - a scroll of summoning {unknown}
 z - a scroll of enchant armour {unknown}
Potions
 g - a potion of attraction {unknown}
 k - 2 potions of curing {unknown}
 m - 2 potions of haste {unknown}
 o - 2 potions of degeneration {unknown}
 p - a potion of ambrosia {unknown}
 t - a potion of lignification {unknown}


   Skills:
 + Level 5.1 Fighting
 - Level 2.8 Long Blades
 - Level 2.0 Throwing
 + Level 5.0 Dodging
 + Level 3.9 Unarmed Combat


You had 6 spell levels left.
You didn't know any spells.
Your spell library contained the following spells:

 Spells                   Type           Power      Damage    Failure   Level
 Foxfire                  Conj/Fire      0%         2x1d4     85%         1
 Magic Dart               Conj           0%         1d3       85%         1
 Call Imp                 Summ           0%         N/A       94%         2
 Cigotuvi's Dreadful Rot  Necr/Pois/Air  0%         N/A       94%         2
 Lesser Beckoning         Tloc           0%         N/A       94%         2
 Gell's Gravitas          Tloc           0%         N/A       99%         3
 Ignite Poison            Fire/Tmut/Pois 0%         N/A       99%         3
 Inner Flame              Hex/Fire       0%         N/A       99%         3
 Mephitic Cloud           Conj/Pois/Air  0%         N/A       99%         3
 Teleport Other           Tloc           0%         N/A       99%         3
 Freezing Cloud           Conj/Ice/Air   0%         6-21      100%        5
 Yara's Violent Unravell  Hex/Tmut       0%         3d3       100%        5
 Plasma Beam              Fire/Air       0%         2x1d10    100%        6
 Starburst                Conj/Fire      0%         6d3       100%        6
 Enfeeble                 Hex            0%         N/A       100%        7


Dungeon Overview and Level Annotations

Branches:
Dungeon (5/15)
 Temple: D:4-7

Altars:
Ashenzari
Okawaru

Shops:
D:2 :

Annotations:
D:5 Edmund


Innate Abilities, Weirdness & Mutations

You have large cloven feet.
You have a pair of small horns on your head.
You regenerate health from kills.
You are partially covered in sharp spines.


Message History

Edmund closely misses you.
You hit Edmund but do no damage.
Edmund is heavily wounded.
Edmund hits you with a +1 dire flail of protection.
You hit Edmund but do no damage.
Edmund is heavily wounded.
Edmund hits you with a +1 dire flail of protection.
You hit Edmund but do no damage. You kick Edmund, but do no damage.
Your headbutt misses Edmund.
Edmund is heavily wounded.
Edmund hits you with a +1 dire flail of protection!
You are too injured to fight recklessly!
Found a red potion.
You hit Edmund. Your kick misses Edmund. Your headbutt misses Edmund.
Edmund is heavily wounded.
You hit Edmund but do no damage.
Edmund is heavily wounded.
Edmund is struck by your spines. Edmund barely misses you.
You hit Edmund but do no damage.
Edmund is severely wounded.
Edmund hits you with a +1 dire flail of protection!
You closely miss Edmund.
Edmund is severely wounded.
Edmund hits you but does no damage.
You hit Edmund. Your kick misses Edmund. Your headbutt misses Edmund.
Edmund is severely wounded.
Edmund hits you with a +1 dire flail of protection!
* * * LOW HITPOINT WARNING * * *
You hit Edmund but do no damage. Your kick misses Edmund.
Edmund is severely wounded.
Edmund hits you with a +1 dire flail of protection.
* * * LOW HITPOINT WARNING * * *
You hit Edmund.
Edmund is almost dead.
Edmund closely misses you.
You closely miss Edmund.
Edmund is almost dead.
Edmund hits you with a +1 dire flail of protection!
You die...
Edmund whines, "They better pay attention to me now!"

..... ....! .....# ....
....>. ... ...... #'#
.....##.## .).....######
##################..........
................@@..........
############...####.########
# #..........##.....########
# #...)##.##.##.............
# #....#...#.....##.########
# #...............#.#....# #
#......_......#...#.##.# # #
#.............##..#.##.# # #
+....#...#....##....##.# #


You could see Edmund.

Vanquished Creatures
  Eustachio (D:4)
  Menkaure (D:5)
  An ogre (D:5)
  A scorpion (D:4)
  A hound (D:4)
  An orc priest (D:4)
  An orc wizard (D:4)
  8 gnolls
  5 adders
  3 worms
  2 dart slugs
  6 orcs
  6 ball pythons
  12 endoplasms
  2 giant cockroaches
  8 goblins
  4 hobgoblins
  4 jackals (D:4)
  2 quokkas
  5 bats
  5 frilled lizards
  4 kobolds
  4 rats
87 creatures vanquished.

Notes
Turn   | Place    | Note
-------+----------+-------------------------------------------
     0 | D:1      | grandjackal the Demonspawn Gladiator began the quest for
                  | the Orb.
     0 | D:1      | Reached XP level 1. HP: 16/16 MP: 1/1
   162 | D:1      | Discovered your monstrous ancestry.
   162 | D:1      | Gained mutation: You have a pair of small horns on your
                  | head. [demonic ancestry]
   162 | D:1      | Reached XP level 2. HP: 18/22 MP: 2/2
   570 | D:1      | Gained mutation: You have large cloven feet. [demonic
                  | ancestry]
   570 | D:1      | Reached XP level 3. HP: 10/28 MP: 3/3
   869 | D:2      | Reached skill level 1 in Unarmed Combat
  1065 | D:2      | Identified the +2 mace "Ilit Maw" {speed, Stlth+}
  1074 | D:2      | Found Iloa's Book Emporium.
  1179 | D:2      | Found a faded altar of an unknown god.
  1850 | D:3      | Gained mutation: You regenerate a little health from kills.
                  | [demonic ancestry]
  1850 | D:3      | Reached XP level 4. HP: 26/35 MP: 4/4
  2488 | D:3      | Gained mutation: You are partially covered in sharp spines.
                  | [demonic ancestry]
  2488 | D:3      | Reached XP level 5. HP: 37/41 MP: 5/5
  2696 | D:4      | Found a broken altar of Ashenzari.
  2916 | D:4      | Noticed Eustachio
  2933 | D:4      | Killed Eustachio
  2934 | D:4      | Gained mutation: You regenerate health from kills. [demonic
                  | ancestry]
  2934 | D:4      | Reached XP level 6. HP: 35/48 MP: 6/6
  3424 | D:5      | Entered Level 5 of the Dungeon
  3573 | D:5      | Reached XP level 7. HP: 27/55 MP: 7/7
  3882 | D:5      | Noticed Menkaure
  3889 | D:5      | Killed Menkaure
  3890 | D:5      | Reached skill level 5 in Fighting
  3890 | D:5      | Reached skill level 5 in Dodging
  3982 | D:5      | Found an iron altar of Okawaru.
  4025 | D:5      | Noticed Edmund
  4051 | D:5      | Slain by Edmund

Illustrated notes

Levels and vault maps discovered:
D:1:      orjb1_clovarrival, layout_loops_ring
D:2:      layout_loops_ring, serial_shops, shop,
          hellmonk_ecumenical_altar_arch_garden
D:3:      layout_loops_corners
D:4:      layout_basic, mainiacjoe_overflow_concentric_impassable,
          uniq_eustachio
D:5:      layout_basic, okawaru_gym_becter, serial_shops, shop, uniq_grinder,
          uniq_menkaure, uniq_edmund, uniq_sigmund, uniq_blork_the_orc

Skill      XL: |  1  2  3  4  5  6  7 |
---------------+----------------------+-----
Throwing       | 2 |  2.0
Dodging        | 3 4 5 |  5.0
Unarmed Combat | 1 2 3 |  3.9
Fighting       | 3 4 5 |  5.1
Long Blades    | |  2.8

Action                     |  1- 3 |  4- 6 |  7- 9 || total
---------------------------+-------+-------+-------++-------
  Melee: Long sword        |   102 |       |       ||   102
         Headbutt          |     8 |    19 |     8 ||    35
         Mace              |    12 |   122 |    30 ||   164
         Kick              |     8 |    33 |     7 ||    48
         Punch             |       |     5 |     4 ||     9
   Stab: Sleeping          |       |     1 |       ||     1
 Armour: Leather armour    |    67 |       |       ||    67
         Scale mail        |     8 |    66 |    16 ||    90
  Dodge: Dodged            |    75 |    44 |     9 ||   128

Table legend: (Time is in decaauts)
 A = Elapsed time spent in this place.
 B = Non-inter-level travel time spent in this place.
 C = Inter-level travel time spent in this place.
 D = Time resting spent in this place.
 E = Time spent auto-exploring this place.
 F = Levels seen in this place.
 G = Mean time per level.
                   A        B        C        D        E       F      G
               +--------+--------+--------+--------+--------+-----+--------+
         Total |   4078 |   4001 |     77 |    383 |   3005 |   5 |  815.6 |
       Dungeon |   4078 |   4001 |     77 |    383 |   3005 |   5 |  815.6 |
               +--------+--------+--------+--------+--------+-----+--------+

Top non-repeatable levels by time:
     D:3: 1019 daAuts
     D:1: 898 daAuts
     D:4: 769 daAuts
     D:2: 767 daAuts
     D:5: 624 daAuts
